 Dungeon Crawl Stone Soup version 0.26.1-2-gb8aa6d0cf2 (webtiles) character file.

Game seed: 7374863772329104470

581 Alarak the Magician (level 7, -13/51 HPs)
             Began as a Gnoll Hedge Wizard on Mar 20, 2021.
             Was an Initiate of Cheibriados.
             Shot with an arrow by a centaur (16 damage)
             ... on level 5 of the Dungeon.
             The game lasted 00:21:29 (6759 turns).

Alarak the Magician (Gnoll Hedge Wizard)            Turns: 6759, Time: 00:21:29

Health: -13/51     AC:  4    Str: 15    XL:     7   Next: 36%
Magic:  6/18       EV: 15    Int: 18    God:    Cheibriados [......]
Gold:   216        SH:  0    Dex: 15    Spells: 16/21 levels left

rFire    . . .     SeeInvis +   r - +1 spear
rCold    . . .     Faith    .   (no shield)
rNeg     . . .     Spirit   .   i - +0 leather armour
rPois    .         Reflect  .   j - +0 helmet
rElec    .         Harm     .   (no cloak)
rCorr    +         Rampage  .   (no gloves)
Will     .....                  (no boots)
Stlth    +++.......             d - amulet of regeneration
HPRegen  0.57/turn              n - ring of resist corrosion
MPRegen  0.16/turn              s - ring of see invisible

@: very slightly contaminated, very slow
A: distributed training, fangs 1, strong nose
a: Renounce Religion, Bend Time


You were on level 5 of the Dungeon.
You worshipped Cheibriados.
Cheibriados was noncommittal.
You visited 2 branches of the dungeon, and saw 7 of its levels.

You collected 216 gold pieces.

Inventory:

Hand Weapons
 a - a +0 dagger
 r - a +1 spear (weapon)
 u - a +0 spear
 w - a +0 vorpal great mace
 x - a +1 flail of holy wrath
Missiles
 m - a throwing net
 y - a silver boomerang
Armour
 b - a +0 robe
 c - a +0 hat
 i - a +0 leather armour (worn)
 j - a +0 helmet (worn)
 l - the +1 chain mail of the Old World {+Inv +Fly rPois Dex-3}
   (You found it on level 5 of the Dungeon)

   It affects your dexterity (-3).
   It protects you from poison.
   It lets you turn invisible.
   It lets you fly.
 t - a +0 leather armour
 B - a +0 ring mail
 E - a cursed +0 ring mail
 H - a +2 ring mail of cold resistance
 I - +0 ice dragon scales
Jewellery
 d - an amulet of regeneration (around neck)
 n - a ring of resist corrosion (left hand)
 s - a ring of see invisible (right hand)
 K - an uncursed ring of protection from cold {unknown}
Scrolls
 e - 6 scrolls of identify
 o - 3 scrolls of teleportation
 q - a scroll of remove curse
 v - 2 scrolls of magic mapping {unknown}
 z - a scroll of noise {unknown}
 A - a scroll of fog {unknown}
 G - 3 scrolls of amnesia {unknown}
Potions
 f - a potion of resistance {unknown}
 g - 3 potions of might {unknown}
 h - a potion of curing {unknown}
 k - a potion of heal wounds {unknown}
 p - 3 potions of attraction {unknown}
 C - a potion of flight {unknown}
 D - a potion of degeneration {unknown}
 F - 2 potions of lignification {unknown}
 J - a potion of ambrosia {unknown}


   Skills:
 + Level 2.4 Fighting
 + Level 2.4 Short Blades
 + Level 2.4 Long Blades
 + Level 2.4 Axes
 + Level 2.4 Maces & Flails
 + Level 2.4 Polearms
 + Level 2.4 Staves
 + Level 2.4 Slings
 + Level 2.4 Bows
 + Level 2.4 Crossbows
 + Level 2.4 Throwing
 + Level 2.4 Armour
 + Level 5.2 Dodging
 + Level 4.9 Stealth
 + Level 2.4 Shields
 + Level 2.4 Unarmed Combat
 + Level 7.6 Spellcasting
 + Level 2.9 Conjurations
 + Level 2.0 Hexes
 + Level 2.9 Summonings
 + Level 2.0 Necromancy
 + Level 2.9 Translocations
 + Level 2.0 Transmutations
 + Level 2.0 Fire Magic
 + Level 2.0 Ice Magic
 + Level 2.0 Air Magic
 + Level 2.0 Earth Magic
 + Level 2.0 Poison Magic
 + Level 2.7 Invocations
 + Level 2.4 Evocations


You had 16 spell levels left.
You knew the following spells:

 Your Spells              Type           Power        Failure   Level
a - Magic Dart            Conj           68%          3%          1
b - Call Imp              Summ           17%          5%          2
c - Blink                 Tloc           N/A          5%          2

Your spell library contained the following spells:

 Spells                   Type           Power        Failure   Level
 Slow                     Hex            14%          9%          2
 Conjure Flame            Conj/Fire      15%          14%         3
 Mephitic Cloud           Conj/Pois/Air  15%          14%         3


Dungeon Overview and Level Annotations

Branches:
Dungeon (6/15)             Temple (1/1) D:6

Altars:
Ashenzari
Cheibriados
Fedhas
Gozag
Hepliaklqana
Kikubaaqudgha
Nemelex Xobeh
Okawaru
Ru
Sif Muna
Vehumet
Wu Jian
Xom
Yredelemnul
Zin
The Shining One


Innate Abilities, Weirdness & Mutations

Your experience applies equally to all skills.
You have very sharp teeth.
Your uncanny sense of smell can sniff out nearby items.


Message History

The centaur wields a +4 shortbow of flaming.
It bursts into flame!
The centaur shoots an arrow.
The arrow hits your crimson imp!
The gnoll hits you from afar with a cursed +0 spear!
Found 19 arrows.
The centaur shoots an arrow.
The arrow hits your crimson imp.
Your crimson imp blinks!
The centaur shoots an arrow.
The arrow hits you! The arrow burns you.
The gnoll hits you from afar with a cursed +0 spear.
You see here an arrow.
The centaur shoots an arrow.
The arrow hits you!
* * * LOW HITPOINT WARNING * * *
The arrow burns you.
* * * LOW HITPOINT WARNING * * *
Casting: Blink (safe; 5% risk of failure)
Confirm with . or Enter, or press ? or * to list all spells.
You miscast Blink.
You are very lightly contaminated with residual magic.
Nothing appears to happen.
The centaur shoots an arrow.
The arrow hits you!
You die...

#...........#####.........#.≈≈≈
#####.........................(..
....'.>........>..............(..
#####...........................#
........#.##########......###..##
......<...# #.......###..(
##########################.####.(
+.##..#..#.(#..'...# ##.
##..##..@##.##.##...# #. ∆
#....##5(#..#..#...## ##
##.....##g..##.##...# #
#.......##.c#(§#...## #
##........##Y..##...# ####
#...#......##..#...## #...
##...##......####...# ∆ #...
#...####......##...## #... ##...#
##....†.#...# #...


You could see an ice beast, a centaur, a gnoll and a friendly crimson imp
(summoned).

Vanquished Creatures
  A centaur (D:5)
  A bullfrog zombie (D:5)
  A hound (Temple)
  An orc priest (Temple)
  2 orc wizards
  An iguana (D:6)
  A worker ant (D:4)
  A hound skeleton (D:4)
  2 gnolls (D:4)
  6 adders
  A howler monkey skeleton (D:5)
  3 white imps
  An ooze (D:1)
  An adder zombie (D:5)
  A dart slug (D:2)
  9 leopard geckos
  13 orcs
  10 giant cockroaches
  8 goblins
  11 hobgoblins
  6 jackals
  A quokka (D:4)
  4 ball pythons
  6 bats
  4 frilled lizards
  5 kobolds
  6 rats
107 creatures vanquished.

Vanquished Creatures (collateral kills)
  2 iguanas (D:4)
  A worker ant (D:5)
  A hound zombie (D:4)
  A gnoll (D:4)
  A white imp (D:5)
  An ooze (D:4)
  An adder skeleton (D:3)
  A worm (D:5)
9 creatures vanquished.

Grand Total: 116 creatures vanquished

Notes
Turn   | Place    | Note
-------+----------+-------------------------------------------
     0 | D:1      | Alarak the Gnoll Hedge Wizard began the quest for the Orb.
     0 | D:1      | Reached XP level 1. HP: 13/13 MP: 8/8
   153 | D:1      | Reached XP level 2. HP: 20/20 MP: 2/10
   507 | D:1      | Reached XP level 3. HP: 25/25 MP: 3/11
  1229 | D:2      | Found a snail-covered altar of Cheibriados.
  1282 | D:2      | Reached skill level 1 in Invocations
  1605 | D:2      | Reached skill level 1 in Fighting
  1605 | D:2      | Reached skill level 1 in Short Blades
  1605 | D:2      | Reached skill level 1 in Long Blades
  1605 | D:2      | Reached skill level 1 in Axes
  1605 | D:2      | Reached skill level 1 in Maces & Flails
  1605 | D:2      | Reached skill level 1 in Polearms
  1605 | D:2      | Reached skill level 1 in Staves
  1605 | D:2      | Reached skill level 1 in Slings
  1605 | D:2      | Reached skill level 1 in Bows
  1605 | D:2      | Reached skill level 1 in Crossbows
  1605 | D:2      | Reached skill level 1 in Throwing
  1605 | D:2      | Reached skill level 1 in Armour
  1605 | D:2      | Reached skill level 1 in Shields
  1605 | D:2      | Reached skill level 1 in Unarmed Combat
  1605 | D:2      | Reached skill level 1 in Evocations
  1678 | D:2      | Reached XP level 4. HP: 32/32 MP: 8/13
  2248 | D:3      | Found a radiant altar of Vehumet.
  2394 | D:3      | Reached skill level 1 in Hexes
  2394 | D:3      | Reached skill level 1 in Necromancy
  2394 | D:3      | Reached skill level 1 in Transmutations
  2394 | D:3      | Reached skill level 1 in Fire Magic
  2394 | D:3      | Reached skill level 1 in Ice Magic
  2394 | D:3      | Reached skill level 1 in Air Magic
  2394 | D:3      | Reached skill level 1 in Earth Magic
  2394 | D:3      | Reached skill level 1 in Poison Magic
  2427 | D:3      | Reached XP level 5. HP: 25/37 MP: 14/14
  2526 | D:3      | You fall into a shaft and drop 3 floors!
  2527 | D:6      | Found a staircase to the Ecumenical Temple.
  2537 | Temple   | Entered the Ecumenical Temple
  2916 | Temple   | Reached XP level 6. HP: 7/44 MP: 9/16
  3357 | D:5      | Entered Level 5 of the Dungeon
  3414 | D:5      | Found an ancient bone altar of Kikubaaqudgha.
  3459 | D:5      | Reached skill level 5 in Dodging
  3511 | D:5      | Learned a level 2 spell: Call Imp
  3828 | D:5      | Found a sparkling altar of Nemelex Xobeh.
  4213 | D:5      | Got a faintly glowing chain mail
  4224 | D:5      | Identified the cursed +1 chain mail of the Old World {+Inv
                  | +Fly rPois Dex-3} (You found it on level 5 of the Dungeon)
  4368 | D:5      | Learned a level 2 spell: Blink
  4503 | D:5      | Noticed an ice beast
  4721 | D:4      | Reached XP level 7. HP: 30/50 MP: 12/18
  5714 | D:3      | Found a sacrificial altar of Ru.
  6228 | D:2      | Became a worshipper of Cheibriados the Contemplative
  6758 | D:5      | HP: 2/51 [centaur/arrow (3)]
  6759 | D:5      | Shot with an arrow by a centaur

Illustrated notes

Levels and vault maps discovered:
D:1:      grunt_arrival_lava_bath, layout_loops_ring, hangedman_feature_mirror
D:2:      layout_basic, cheibriados_altar_1
D:3:      layout_basic, vehumet_crystals, nicolae_ru_path_of_blood,
          kennysheep_generic_room_7
D:4:      layout_cave_pods, hangedman_abyss_or_decor_stagger
D:5:      minmay_razor_zed, layout_basic, kiku_gazebo_pond_becter,
          nemelex_xobeh_ov_fountains_minmay
D:6:      layout_rooms, minmay_temple_entry_mini_moons
Temple:   nicolae_temple_x_marks_the_god

Skill      XL: |  1  2  3  4  5  6  7 |
---------------+----------------------+-----
Conjurations   | 2 |  2.9
Summonings     | 2 |  2.9
Translocations | 2 |  2.9
Invocations    | 1 2 |  2.7
Fighting       | 1 2 |  2.4
Short Blades   | 1 2 |  2.4
Long Blades    | 1 2 |  2.4
Axes           | 1 2 |  2.4
Maces & Flails | 1 2 |  2.4
Polearms       | 1 2 |  2.4
Staves         | 1 2 |  2.4
Slings         | 1 2 |  2.4
Bows           | 1 2 |  2.4
Crossbows      | 1 2 |  2.4
Throwing       | 1 2 |  2.4
Armour         | 1 2 |  2.4
Shields        | 1 2 |  2.4
Unarmed Combat | 1 2 |  2.4
Evocations     | 1 2 |  2.4
Hexes          | 1 2 |  2.0
Necromancy     | 1 2 |  2.0
Transmutations | 1 2 |  2.0
Fire Magic     | 1 2 |  2.0
Ice Magic      | 1 2 |  2.0
Air Magic      | 1 2 |  2.0
Earth Magic    | 1 2 |  2.0
Poison Magic   | 1 2 |  2.0
Dodging        | 5 |  5.2
Stealth        | |  4.9
Spellcasting   | |  7.6

Action                   |  1- 3 |  4- 6 |  7- 9 || total
-------------------------+-------+-------+-------++-------
Melee: Dagger            |    18 |       |       ||    18
       Spear             |    20 |    75 |    34 ||   129
       Bite              |     5 |    13 |     2 ||    20
       Flail             |       |    60 |       ||    60
       Great mace        |       |    12 |       ||    12
       Punch             |       |     1 |       ||     1
Throw: Boomerang         |       |    51 |       ||    51
       Throwing net      |       |     1 |       ||     1
 Cast: Magic Dart        |    87 |    91 |    49 ||   227
       Call Imp          |       |    16 |    20 ||    36
       Blink             |       |     2 |     2 ||     4
  Use: Scroll            |       |     5 |       ||     5
 Stab: Sleeping          |     1 |     1 |     1 ||     3
       Distracted        |     1 |     1 |     1 ||     3
Armor: Leather armour    |    13 |    51 |     8 ||    72
Dodge: Dodged            |    31 |   176 |    26 ||   233
